 Dungeon Crawl Stone Soup version 0.30.0-21-gd299b56b3f (webtiles) character file.

Game seed: 11336978113020419840

181734 qw the Severer (level 18, 0/123 HPs)
             Began as a Gargoyle Fighter on June 2, 2023.
             Was an Elder of Okawaru.
             Slain by a harpy (5 damage)
             ... on level 4 of the Shoals.
             The game lasted 00:21:38 (33319 turns).

qw the Severer (Gargoyle Fighter)                  Turns: 33319, Time: 00:21:39

Health: 0/123      AC: 64    Str: 29    XL:     18   Next: 31%
Magic:  25/25      EV: 17    Int: 13    God:    Okawaru [****..]
Gold:   622        SH:  7    Dex: 12    Spells: 17/17 levels left

rFire   . . .        l - +2 broad axe of Poamoawn {protect, Dex+3}
rCold   + . .        K - +0 buckler {AC+3}
rNeg    + . .        e - +6 plate armour of the Gloaming {Rampage Int+2}
rPois   inf          b - +2 helmet
rElec   +            c - +1 cloak "Juumafeb" {Fly Will+}
rCorr   +            k - +2 pair of gloves
SInv    .            s - +2 pair of boots
Will    ++...        p - amulet of faith Stlth
                     m - ring of Internal Strife {rC+ rCorr Str+3}
HPRegen 0.40/turn    w - +5 ring of evasion
MPRegen 0.19/turn

%: rampage, faith
@: about to teleport, heroic, under a protective aura, flying
A: sickness immunity, AC +13, big wings, negative energy resistance 1,
electricity resistance, torment resistance 1, petrification resistance, talons 1
a: Renounce Religion, Heroism, Finesse


You were on level 4 of the Shoals.
You worshipped Okawaru.
Okawaru was greatly pleased with you.
You visited 6 branches of the dungeon, and saw 30 of its levels.
You visited the Abyss 1 time.
You also visited: Ossuary and Gauntlet.

You collected 2831 gold pieces.
You spent 2209 gold pieces at shops.


Innate Abilities, Weirdness & Mutations

You are immune to sickness and miasma.
Your stone body is resilient. (AC +13)
You are immune to poison.
Your large and strong wings let you fly.
You resist negative energy. (rN+)
You are resistant to electric shocks. (rElec)
You are resistant to unholy torment.
You are immune to petrification.
You have sharp toenails.


   Skills:
 - Level 17.0(22.0) Fighting
 - Level 18.0(23.0) Axes
 - Level 8.1(13.1) Throwing
 + Level 16.2(21.2) Armour
 - Level 5.0(10.0) Dodging
 - Level 10.0(15.0) Shields
 - Level 10.0 Invocations


You had 17 spell levels left.
You didn't know any spells.
Your spell library was empty.

Inventory:

Hand Weapons
 l - the +2 broad axe of Poamoawn (weapon) {protect, Dex+3}
   (Okawaru gifted it to you on level 3 of the Lair of Beasts)

   Dex:       It affects your dexterity (+3).
Missiles
 y - 3 silver boomerangs
 E - 25 boomerangs
 J - 4 javelins (quivered)
 L - 3 boomerangs of dispersal
Armour
 b - a +2 helmet (worn)
 c - the +1 cloak "Juumafeb" (worn) {Fly Will+}
   (Okawaru gifted it to you on level 11 of the Dungeon)

   Fly:       It grants you flight.
   Will:      It increases your willpower.
 e - the +6 plate armour of the Gloaming (worn) {Rampage Int+2}
   (You took it off a minotaur in a Gauntlet)

   Int:       It affects your intelligence (+2).
   Rampage:   It bestows one free step when moving towards enemies.
 i - the -1 cloak "Ivuqir" {*Corrode rF+ rN++ Int+2}
   (You acquired it on level 14 of the Dungeon)

   Int:       It affects your intelligence (+2).
   rF:        It protects you from fire.
   rN:        It greatly protects you from negative energy.
   *Corrode:  It may corrode you when you take damage.
 k - a +2 pair of gloves (worn)
 o - the +1 pair of boots of Okawaru's Displeasure {Harm rF+ Str+2 SInv}
   (Okawaru gifted it to you on level 3 of the Snake Pit)

   Str:       It affects your strength (+2).
   rF:        It protects you from fire.
   SInv:      It lets you see invisible.
   Harm:      It increases damage dealt and taken.
 s - a +2 pair of boots (worn)
 F - the +2 robe "Bemial Guufi" {rCorr Str+2}
   (You found it on level 9 of the Dungeon)

   Str:       It affects your strength (+2).
   rCorr:     It protects you from acid and corrosion.
 K - a +0 buckler of protection (worn)
Jewellery
 h - a +4 ring of protection
 m - the ring of Internal Strife (left hand) {rC+ rCorr Str+3}
   (You found it in a Gauntlet)

   [ring of resist corrosion]

   Str:       It affects your strength (+3).
   rC:        It protects you from cold.
   rCorr:     It protects you from acid and corrosion.
 n - a ring of fire
 p - an amulet of faith (around neck)
 w - a +5 ring of evasion (right hand)
 C - a ring of ice
 G - an amulet of regeneration
 H - a ring of protection from fire
Wands
 D - a wand of digging (4)
Scrolls
 a - 12 scrolls of identify
 g - 3 scrolls of enchant armour
 v - 10 scrolls of teleportation
 B - 4 scrolls of enchant weapon
 M - a scroll of brand weapon
Potions
 d - 11 potions of might
 f - a potion of magic
 j - 16 potions of curing
 q - 5 potions of mutation
 r - 11 potions of lignification
 t - 3 potions of cancellation
 u - 4 potions of haste
 x - 4 potions of attraction
 I - 3 potions of resistance

Dungeon Overview and Level Annotations

Branches:
Dungeon (15/15)            Temple (1/1) D:4            Lair (5/5) D:8
 Shoals (4/4) Lair:2        Snake (3/4) Lair:2        Slime (0/5) Lair:5
    Orc (2/2) D:9             Elf (0/3) Orc:2        Vaults (0/5) D:13
 Depths (0/4) D:15        Ossuary (visited)         Gauntlet (visited)

Altars:
Ashenzari
Cheibriados
Dithmenos
Elyvilon
Fedhas
Gozag
Hepliaklqana
Kikubaaqudgha
Makhleb
Nemelex Xobeh
Okawaru
Qazlal
Ru
Sif Muna
Trog
Uskayaw
Vehumet
Wu Jian
Xom
Yredelemnul
Zin
The Shining One
Lugonu

Shops:
D:1 !   D:3 [=!(   D:4 *   D:9 *(=(   Orc:2 ?[(!   Shoals:2 !   Shoals:3 *
Snake:3 *

Portals:
Abyss: Shoals:2
Ice
Cave: D:15

Annotations:
Shoals:4 Ilsuiw
Snake:2 1 runed translucent door, Akuuror's ghost, adept GrFi


Message History

Your weapon exudes an aura of protection.
The merfolk impaler is moderately wounded.
The plant is engulfed in a cloud of scalding steam.
The plant begins to die.
The merfolk hits you but does no damage.
The satyr is engulfed in a cloud of scalding steam.
The satyr plays a rousing melody on his pipes!
The faun goes into a battle-frenzy!
The merfolk impaler is engulfed in a cloud of scalding steam.
You block the merfolk impaler's attack.
You hear a shout!
You slice the merfolk impaler like a ripe choko!!!
The merfolk impaler is almost dead.
You are engulfed in a cloud of scalding steam.
The plant is engulfed in a cloud of scalding steam. x2
The harpy is engulfed in a cloud of scalding steam.
The merfolk impaler is engulfed in a cloud of scalding steam.
The merfolk impaler hits you but does no damage.
The merfolk hits you from afar with a +2 vampiric trident.
The merfolk is engulfed in a cloud of scalding steam.
The merfolk throws a boomerang.
The boomerang hits you but does no damage.
The harpy is engulfed in a cloud of scalding steam.
The harpy claws you but does no damage. x2
You closely miss the merfolk impaler.
The merfolk impaler is almost dead.
You barely miss the harpy.
You are engulfed in a cloud of scalding steam.
The harpy screeches!
The plant is engulfed in a cloud of scalding steam.
The harpy claws you but does no damage. x2
The satyr is engulfed in a cloud of scalding steam.
You block the merfolk's attack.
A satyr comes into view.
It is wielding a +1 quarterstaff of speed.
You miss the merfolk impaler.
The merfolk impaler is almost dead.
You slash the harpy! You slice the water elemental!!
The plant is engulfed in a cloud of scalding steam.
The harpy claws you.
You die...

.....P.~~~~~~~~ ##
.......~PP~~~~~ #.###
## ........~P~c~~~
...~...
........P~~Hm~~
#.#.#.##
.....P...PP~~~~
.~.:k~~#
....t....~¤~~~~
..#.#..#
~.......¤~¤~~~~
...~...#
~.....H.EP~~~~~
...~#.##
~~.....@.PcP.~~ #####
# ~~~~...m.m.....
~~~~~m~~mm¤....
~~~~~~~~~....c.
~~~~~~~~~......
~~~~~~~~~~~~##~
~...<..~~~~~~~~~~~####
.~~...~~~~~~~~~~~#~
~~~~~~~~~~


You could see a merfolk impaler, 2 satyrs, 3 merfolk aquamancers, a snapping
turtle, 2 merfolk, a faun (strong), a water elemental and 2 harpies.

Vanquished Creatures
  Rupert (Lair:3)
  Jorgrun (D:12)
  Gastronok (Lair:1)
  2 krakens
  A tentacled starspawn (Abyss:3)
  Frances (Shoals:2)
  A starcursed mass (Abyss:3)
  A frost giant (Shoals:4)
  An orc warlord (Orc:2)
  Nessos (D:12)
  A dire elephant (Gauntlet)
  A minotaur (Gauntlet)
  Snorg (Lair:5)
  5 merfolk impalers
  2 merfolk javelineers (Shoals:4)
  An ettin (D:15)
  5 hydras
  A rakshasa (D:15)
  Harold (Lair:1)
  A juggernaut simulacrum (Abyss:3)
  An ogre mage (D:15)
  Fannar (Lair:2)
  A vault guard (D:13)
  7 anacondas
  A merfolk avatar (Shoals:3)
  A catoblepas (Lair:5)
  Erica (D:8)
  2 satyrs
  6 centaur warriors
  5 boulder beetles
  An alligator snapping turtle (Shoals:2)
  8 death yaks
  3 merfolk aquamancers
  9 two-headed ogres
  3 thrashing horrors (Abyss:3)
  7 naga warriors
  8 naga sharpshooters
  2 orc high priests (Orc:2)
  3 tengu warriors
  8 shock serpents
  Sonja (Orc:1)
  A hell knight (D:15)
  Amaemon (Lair:2)
  Nergalle (D:10)
  A skyshark (Shoals:2)
  A wretched star (Abyss:3)
  A deep troll (D:15)
  8 sea snakes
  A harpy (shapeshifter) (D:13)
  A necromancer (D:15)
  4 wizards
  3 naga ritualists
  A wolf spider (D:13)
  3 orc knights (Orc:2)
  5 mana vipers
  An oklob plant (Gauntlet)
  16 manticores
  14 harpies
  8 ugly things
  2 deep elf pyromancers
  A salamander (shapeshifter) (D:15)
  8 cyclopes
  15 fauns
  3 orc sorcerers (Orc:2)
  A worldbinder (Abyss:3)
  8 salamanders
  5 water nymphs
  Maurice (D:8)
  14 elephants
  5 merfolk sirens
  An orange demon (Lair:2)
  3 guardian serpents
  27 black mambas
  6 slime creatures
  2 ice statues (D:15)
  3 gargoyles
  6 cane toads
  8 naga magi
  2 minotaur zombies (Gauntlet)
  A rime drake (Lair:5)
  5 large abominations
  A yaktaur (D:13)
  3 tengu conjurers
  A kobold demonologist (D:12)
  9 komodo dragons
  A harpy zombie (Abyss:3)
  A red devil (Abyss:3)
  9 trolls
  18 merfolk
  7 polar bears
  3 wind drakes
  4 hornets (Lair:5)
  A wind drake (shapeshifter) (D:13)
  7 raiju (Abyss:3)
  9 dream sheep
  A blink frog (Lair:5)
  4 snapping turtles
  3 flying skulls (Abyss:3)
  A centaur simulacrum (D:13)
  A ynoxinul (Abyss:3)
  4 wraiths
  7 water elementals
  12 spriggans (Lair:5)
  A shadow (D:11)
  48 yaks
  3 wyverns
  4 basilisks
  2 neqoxecs (Abyss:3)
  2 steam dragons (D:10)
  A chaos spawn (Abyss:3)
  Edmund (D:6)
  2 acid dragons
  19 nagas
  A harpy simulacrum (D:15)
  4 water moccasins
  3 wargs
  27 orc warriors
  6 black bears
  A sky beast (D:7)
  An ice beast (D:7)
  23 wolves
  4 boggarts (Lair:5)
  16 centaurs
  10 ogres
  A phantom (D:5)
  3 kobold brigands
  16 bullfrogs
  2 small abominations (Abyss:3)
  A gnoll sergeant (D:7)
  2 scorpions (D:5)
  16 wights
  A crimson imp (D:9)
  A centaur zombie (Ossuary)
  A quasit (Abyss:3)
  8 jellies
  13 orc priests
  A gnoll bouda (D:7)
  Terence (D:3)
  3 sleepcaps
  3 iguanas
  27 orc wizards
  2 mummies (Ossuary)
  Robin (D:3)
  13 gnolls
  8 adders
  4 white imps
  An ufetubus (D:4)
  A worm (D:4)
  79 orcs
  10 endoplasms
  5 giant cockroaches
  4 gnoll zombies (Ossuary)
  12 goblins
  9 hobgoblins
  2 quokkas
  9 ball pythons
  6 bats
  3 frilled lizards
  3 goblin zombies (Ossuary)
  3 hobgoblin zombies (Ossuary)
  18 kobolds
  3 orc zombies (Ossuary)
  5 rats
  2 lurking horrors
  A starspawn tentacle (Abyss:3)
  8 tentacles
905 creatures vanquished.

Vanquished Creatures (others)
  A guardian serpent (Snake:3)
  A water elemental (Shoals:3)
  A naga (Snake:1)
  A quasit (Abyss:3)
  An orc (Orc:2)
  A goblin (D:3)
  2 lurking horrors (Shoals:2)
  A spectral weapon (D:8)
  4 starspawn tentacles (Abyss:3)
  2 tentacles (Shoals:3)
15 creatures vanquished.

Grand Total: 920 creatures vanquished

Notes
Turn   | Place    | Note
-------+----------+-------------------------------------------
     0 | D:1      | qw the Gargoyle Fighter began the quest for the Orb.
     0 | D:1      | Reached XP level 1. HP: 14/14 MP: 1/1
     0 | D:1      | 0 ||| qw: Version: 0.2-a-102-gdf20003
     0 | D:1      | 0 ||| qw: Game counter: 828
     0 | D:1      | 0 ||| qw: Always use a shield: true
     0 | D:1      | 0 ||| qw: God list: Okawaru
     0 | D:1      | 0 ||| qw: Allow faded altars: false
     0 | D:1      | 0 ||| qw: Do Orc after D:15 true
     0 | D:1      | 0 ||| qw: Do second Lair branch before Depths: true
     0 | D:1      | 0 ||| qw: Lair rune preference: random
     0 | D:1      | 0 ||| qw: Plans: Normal, Zot:1-4, Slime:5, God:TSO, Crypt,
                  | Tomb, Pan, Hells, Abyss, Win
     0 | D:1      | 0 ||| PLANNING D:1-11
    13 | D:1      | Reached skill level 2 in Axes
    13 | D:1      | 13 ||| Stepping ~*~*~tactically~*~*~ (water).
    53 | D:1      | Reached XP level 2. HP: 19/19 MP: 2/2
    81 | D:1      | Found a faded altar of an unknown god.
   113 | D:1      | 113 ||| DROPPING +0 club.
   199 | D:1      | Found Oxzughuim's Distillery.
   217 | D:1      | 217 ||| SHOPLISTING 2 potions of lignification (78 gold,
                  | have 15).
   217 | D:1      | 217 ||| SHOPLISTING potion of haste (130 gold, have 15).
   217 | D:1      | 217 ||| SHOPLISTING potion of heal wounds (65 gold, have
                  | 15).
   554 | D:1      | Reached skill level 3 in Axes
   837 | D:1      | Reached XP level 3. HP: 23/23 MP: 3/3
  1035 | D:1      | 1035 ||| UPGRADING to +0 pair of gloves.
  1040 | D:1      | 1040 ||| READING scroll labelled GUSKISK OTTAF.
  1041 | D:1      | 1041 ||| READING 4 scrolls labelled BOROTUSUTUE.
  1042 | D:1      | 1042 ||| DRINKING 2 orange potions.
  1043 | D:1      | 1043 ||| DROPPING 3 scrolls of amnesia.
  1112 | D:2      | 1112 ||| Stepping ~*~*~tactically~*~*~ (hiding).
  1797 | D:2      | 1797 ||| UPGRADING to +0 chain mail.
  1807 | D:2      | 1807 ||| DROPPING +0 scale mail.
  1808 | D:2      | 1808 ||| READING scroll labelled GEASUST UTELUICEJO.
  1809 | D:2      | 1809 ||| READING 3 scrolls labelled FEMELU POUNUO.
  1810 | D:2      | 1810 ||| READING 2 scrolls of enchant armour.
  1810 | D:2      | 1810 ||| ENCHANTING +0 pair of gloves.
  1811 | D:2      | 1811 ||| READING scroll of enchant armour.
  1811 | D:2      | 1811 ||| ENCHANTING +1 pair of gloves.
  1871 | D:3      | Found Elemolu's Jewellery Shoppe.
  1883 | D:3      | 1883 ||| SHOPLISTING amulet of faith (560 gold, have 65).
  1883 | D:3      | 1883 ||| SHOPLISTING amulet of regeneration (420 gold, have
                  | 65).
  1883 | D:3      | 1883 ||| SHOPLISTING amulet of the acrobat (420 gold, have
                  | 65).
  1883 | D:3      | 1883 ||| SHOPLISTING ring of protection from fire (350
                  | gold, have 65).
  1925 | D:3      | Found Eclemu's Antique Armour Emporium.
  1931 | D:3      | 1931 ||| SHOPLISTING embroidered hat (182 gold, have 65).
  1931 | D:3      | 1931 ||| SHOPLISTING glowing ice dragon scales (1638 gold,
                  | have 65).
  1931 | D:3      | 1931 ||| SHOPLISTING helmet (117 gold, have 65).
  1931 | D:3      | 1931 ||| SHOPLISTING pair of boots (117 gold, have 65).
  1931 | D:3      | 1931 ||| SHOPLISTING pair of glowing gloves (195 gold, have
                  | 65).
  1931 | D:3      | 1931 ||| SHOPLISTING shiny chain mail (195 gold, have 65).
  1931 | D:3      | 1931 ||| SHOPLISTING shiny tower shield (195 gold, have
                  | 65).
  1944 | D:3      | Found Kom Ineu's Distillery.
  1958 | D:3      | 1958 ||| SHOPLISTING potion of cancellation (112 gold, have
                  | 65).
  1958 | D:3      | 1958 ||| BUYING potion of curing (42 gold).
  1958 | D:3      | Bought a potion of curing for 42 gold pieces
  1958 | D:3      | 1958 ||| SHOPLISTING potion of curing (42 gold, have 23).
  1958 | D:3      | 1958 ||| SHOPLISTING potion of might (56 gold, have 23).
  2030 | D:3      | Noticed Terence
  2032 | D:3      | 2032 ||| FLEEEEING.
  2033 | D:3      | 2033 ||| FLEEEEING.
  2034 | D:3      | 2034 ||| FLEEEEING.
  2035 | D:3      | 2035 ||| FLEEEEING.
  2037 | D:3      | 2037 ||| FLEEEEING.
  2051 | D:3      | 2051 ||| FLEEEEING.
  2076 | D:3      | Killed Terence
  2077 | D:3      | Reached skill level 4 in Axes
  2077 | D:3      | Reached XP level 4. HP: 25/28 MP: 4/4
  2145 | D:3      | 2145 ||| Stepping ~*~*~tactically~*~*~ (stealth).
  2147 | D:3      | Noticed Robin
  2148 | D:3      | 2148 ||| Stepping ~*~*~tactically~*~*~ (hiding).
  2161 | D:3      | Killed Robin
  2230 | D:3      | 2230 ||| Stepping ~*~*~tactically~*~*~ (stealth).
  2232 | D:3      | Found Fifovum's Weapon Shoppe.
  2246 | D:3      | 2246 ||| SHOPLISTING +1 mace of holy wrath (148 gold, have
                  | 83).
  2544 | D:3      | 2544 ||| Stepping ~*~*~tactically~*~*~ (stealth).
  2546 | D:3      | 2546 ||| Stepping ~*~*~tactically~*~*~ (stealth).
  2549 | D:3      | 2549 ||| Stepping ~*~*~tactically~*~*~ (stealth).
  2550 | D:3      | 2550 ||| Stepping ~*~*~tactically~*~*~ (stealth).
  2552 | D:3      | 2552 ||| Stepping ~*~*~tactically~*~*~ (stealth).
  2554 | D:3      | 2554 ||| Stepping ~*~*~tactically~*~*~ (stealth).
  2555 | D:3      | 2555 ||| Stepping ~*~*~tactically~*~*~ (stealth).
  2570 | D:3      | Reached XP level 5. HP: 12/32 MP: 5/5
  2652 | D:3      | 2652 ||| DROPPING +0 whip.
  2658 | D:3      | 2658 ||| UPGRADING to +0 helmet.
  2663 | D:3      | 2663 ||| DROPPING scarf of harm.
  2664 | D:3      | 2664 ||| UPGRADING to +0 pair of boots.
  2669 | D:3      | 2669 ||| UPGRADING to +6 ring of dexterity.
  2670 | D:3      | 2670 ||| READING scroll labelled VIADOF BUWOSE.
  2671 | D:3      | 2671 ||| READING 2 scrolls labelled VUBLAERROG.
  2674 | D:3      | 2674 ||| DRINKING 2 fuming coppery potions.
  2675 | D:3      | 2675 ||| DROPPING potion of degeneration.
  2751 | D:4      | 2751 ||| READING scroll labelled FUESEU QUENU.
  2837 | D:4      | Found a staircase to the Ecumenical Temple.
  2838 | D:4      | 2838 ||| PLANNING TEMPLE
  2969 | D:4      | Found Just's Overcharged Wands.
  2990 | D:4      | Noticed an ogre
  3000 | D:4      | HP: 1/32 [ogre/+0 giant club (14)]
  3001 | D:4      | 3001 ||| READING scroll of teleportation.
  3002 | D:4      | Killed an ogre
  3003 | D:4      | Reached XP level 6. HP: 2/37 MP: 6/6
  3252 | D:4      | Reached skill level 5 in Axes
  3344 | D:4      | 3344 ||| READING scroll of enchant armour.
  3344 | D:4      | 3344 ||| ENCHANTING +0 helmet.
  3347 | D:4      | 3347 ||| READING scroll of enchant weapon.
  3347 | D:4      | 3347 ||| ENCHANTING +1 war axe of venom.
  3431 | D:4      | 3431 ||| READING scroll labelled PYGUXEPL EBBELL.
  3478 | D:4      | Found a white marble altar of Elyvilon.
  3483 | D:4      | Noticed a black bear
  3487 | D:4      | Killed a black bear
  3581 | D:4      | 3581 ||| READING scroll labelled ELOMMEU MOEWEPP.
  3754 | D:4      | 3754 ||| Stepping randomly (stuck).
  3791 | D:4      | 3791 ||| SHOPLISTING wand of digging (11) (693 gold, have
                  | 188).
  3818 | D:5      | Entered Level 5 of the Dungeon
  3823 | D:5      | Reached skill level 6 in Axes
  3823 | D:5      | Reached XP level 7. HP: 20/43 MP: 7/7
  3823 | D:5      | 3823 ||| FLEEEEING.
  3824 | D:5      | 3824 ||| STAIRDANCE
  4010 | D:5      | 4010 ||| STAIRDANCE
  4021 | Temple   | Entered the Ecumenical Temple
  4028 | Temple   | 4028 ||| PLANNING OKAWARU WORSHIP
  4060 | Temple   | Became a worshipper of Warmaster Okawaru
  4060 | Temple   | 4060 ||| PLANNING D:1-11
  4103 | D:5      | 4103 ||| Stepping ~*~*~tactically~*~*~ (stealth).
  4104 | D:5      | 4104 ||| Stepping ~*~*~tactically~*~*~ (stealth).
  4202 | D:5      | Reached skill level 7 in Axes
  4364 | D:5      | Reached XP level 8. HP: 46/50 MP: 8/8
  4396 | D:5      | Found a bloodstained altar of Trog.
  4399 | D:5      | Found a glowing silver altar of Zin.
  4406 | D:5      | Found a sparkling altar of Nemelex Xobeh.
  4746 | D:5      | Found a radiant altar of Vehumet.
  4767 | D:5      | 4767 ||| UPGRADING to amulet of faith.
  4772 | D:5      | 4772 ||| DROPPING ring of flight.
  4773 | D:5      | 4773 ||| READING 2 scrolls labelled ARIHEC DYXA.
  4774 | D:5      | 4774 ||| READING scroll labelled QAUNWI ACSEIGEO.
  4775 | D:5      | 4775 ||| DRINKING 2 grey potions.
  4776 | D:5      | 4776 ||| DRINKING 2 murky cyan potions.
  4804 | D:5      | 4804 ||| READING 3 scrolls of identify.
  4804 | D:5      | 4804 ||| IDENTIFYING bubbling inky potion
  4805 | D:5      | 4805 ||| READING 2 scrolls of identify.
  4805 | D:5      | 4805 ||| IDENTIFYING smoky cyan potion
  4806 | D:5      | 4806 ||| DROPPING potion of flight.
  4807 | D:5      | 4807 ||| DROPPING scroll of summoning.
  4829 | D:6      | 4829 ||| PLANNING OSSUARY
  5096 | D:6      | Found a broken altar of Ashenzari.
  5096 | D:6      | Noticed Edmund
  5106 | D:6      | Killed Edmund
  5106 | D:6      | Reached * piety under Okawaru
  5109 | D:6      | 5109 ||| DROPPING +0 flail.
  5126 | D:6      | 5126 ||| Stepping ~*~*~tactically~*~*~ (hiding).
  5148 | D:6      | Reached skill level 1 in Invocations
  5298 | D:6      | Found a sand-covered staircase.
  5309 | Ossuary  | Entered an ossuary
  5313 | Ossuary  | 5313 ||| Stepping ~*~*~tactically~*~*~ (stealth).
  5316 | Ossuary  | 5316 ||| Stepping ~*~*~tactically~*~*~ (stealth).
  5510 | D:6      | 5510 ||| PLANNING D:1-11
  5522 | D:6      | Found a snail-covered altar of Cheibriados.
  5648 | D:6      | 5648 ||| INVOKING Heroism.
  5662 | D:6      | Reached skill level 3 in Invocations
  5799 | D:6      | 5799 ||| READING scroll of enchant weapon.
  5799 | D:6      | 5799 ||| ENCHANTING +2 war axe of venom.
  5890 | D:6      | 5890 ||| DROPPING +2 hat.
  5891 | D:6      | 5891 ||| READING scroll labelled FORGHE YGHITRUN.
  5902 | D:7      | 5902 ||| STAIRDANCE
  5961 | D:7      | 5961 ||| STAIRDANCE
  5964 | D:6      | 5964 ||| INVOKING Heroism.
  5969 | D:6      | Reached skill level 8 in Axes
  5969 | D:6      | Reached XP level 9. HP: 38/54 MP: 8/12
  6131 | D:7      | 6131 ||| Stepping ~*~*~tactically~*~*~ (hiding).
  6134 | D:7      | 6134 ||| INVOKING Heroism.
  6142 | D:7      | Reached skill level 6 in Fighting
  6160 | D:7      | 6160 ||| INVOKING Heroism.
  6185 | D:7      | 6185 ||| INVOKING Heroism.
  6203 | D:7      | 6203 ||| Stepping ~*~*~tactically~*~*~ (hiding).
  6423 | D:7      | Noticed a cyclops
  6440 | D:7      | 6440 ||| Stepping ~*~*~tactically~*~*~ (stealth).
  6442 | D:7      | 6442 ||| INVOKING Heroism.
  6445 | D:7      | Reached skill level 9 in Axes
  6468 | D:7      | 6468 ||| Stepping ~*~*~tactically~*~*~ (stealth).
  6469 | D:7      | 6469 ||| Stepping ~*~*~tactically~*~*~ (stealth).
  6536 | D:7      | Reached ** piety under Okawaru
  6558 | D:7      | 6558 ||| READING scroll of brand weapon.
  6558 | D:7      | 6558 ||| BRANDING +3 war axe of venom.
  6864 | D:7      | 6864 ||| UPGRADING to +4 ring of protection.
  6865 | D:7      | 6865 ||| READING 2 scrolls of identify.
  6865 | D:7      | 6865 ||| IDENTIFYING fizzy brown potion
  6866 | D:7      | 6866 ||| DROPPING potion of invisibility.
  6942 | D:8      | 6942 ||| Stepping ~*~*~tactically~*~*~ (stealth).
  6979 | D:8      | Found a hide-covered altar of Uskayaw.
  6982 | D:8      | Found a stormy altar of Qazlal.
  7005 | D:8      | Noticed a death yak
  7006 | D:8      | 7006 ||| INVOKING Heroism.
  7008 | D:8      | Noticed a death yak
  7009 | D:8      | 7009 ||| Stepping ~*~*~tactically~*~*~ (stealth).
  7010 | D:8      | 7010 ||| Stepping ~*~*~tactically~*~*~ (stealth).
  7021 | D:8      | Killed a death yak
  7022 | D:8      | Reached skill level 10 in Axes
  7022 | D:8      | Reached XP level 10. HP: 60/63 MP: 13/13
  7023 | D:8      | Noticed a death yak
  7027 | D:8      | Reached *** piety under Okawaru
  7028 | D:8      | Reached skill level 6 in Armour
  7029 | D:8      | Killed a death yak
  7032 | D:8      | Killed a death yak
  7032 | D:8      | Reached **** piety under Okawaru
  7033 | D:8      | Reached skill level 6 in Shields
  7075 | D:8      | 7075 ||| UPGRADING to +0 plate armour.
  7085 | D:8      | 7085 ||| DROPPING +0 chain mail.
  7086 | D:8      | 7086 ||| READING 2 scrolls of identify.
  7086 | D:8      | 7086 ||| IDENTIFYING sedimented sapphire potion
  7087 | D:8      | 7087 ||| DROPPING potion of ambrosia.
  7139 | D:7      | 7139 ||| INVOKING Heroism.
  7240 | D:8      | Noticed Erica
  7241 | D:8      | 7241 ||| INVOKING Heroism.
  7244 | D:8      | Killed Erica
  7288 | D:8      | Found a staircase to the Lair.
  7449 | D:8      | Found a shadowy altar of Dithmenos.
  7456 | D:8      | 7456 ||| Stepping ~*~*~tactically~*~*~ (stealth).
  7459 | D:8      | 7459 ||| Stepping ~*~*~tactically~*~*~ (hiding).
  7476 | D:8      | 7476 ||| Stepping ~*~*~tactically~*~*~ (hiding).
  7477 | D:8      | 7477 ||| Stepping ~*~*~tactically~*~*~ (hiding).
  7525 | D:8      | 7525 ||| INVOKING Heroism.
  7625 | D:8      | Noticed Maurice
  7626 | D:8      | Paralysed by Maurice for 3 turns
  7635 | D:8      | 7635 ||| INVOKING Heroism.
  7635 | D:8      | Paralysed by something for 3 turns
  7641 | D:8      | Reached skill level 6 in Invocations
  7642 | D:8      | Reached XP level 11. HP: 30/68 MP: 12/15
  7669 | D:8      | Killed Maurice
  7670 | D:8      | Reached skill level 3 in Throwing
  8202 | D:8      | 8202 ||| PLANNING LAIR
  8202 | D:8      | 8202 ||| UPGRADING to +0 cloak.
  8207 | D:8      | 8207 ||| DRINKING 2 glowing grey potions.
  8208 | D:8      | 8208 ||| READING 3 scrolls of identify.
  8208 | D:8      | 8208 ||| IDENTIFYING glowing puce potion
  8209 | D:8      | 8209 ||| READING 2 scrolls of identify.
  8209 | D:8      | 8209 ||| IDENTIFYING viscous sapphire potion
  8210 | D:8      | 8210 ||| DROPPING potion of brilliance.
  8260 | Lair:1   | Entered Level 1 of the Lair of Beasts
  8261 | Lair:1   | 8261 ||| INVOKING Heroism.
  8278 | Lair:1   | 8278 ||| INVOKING Heroism.
  8454 | Lair:1   | Noticed Harold
  8455 | Lair:1   | 8455 ||| Stepping ~*~*~tactically~*~*~ (hiding).
  8459 | Lair:1   | 8459 ||| INVOKING Heroism.
  8472 | Lair:1   | Killed Harold
  8473 | Lair:1   | Noticed Gastronok
  8474 | Lair:1   | 8474 ||| Stepping ~*~*~tactically~*~*~ (hiding).
  8480 | Lair:1   | 8480 ||| FLEEEEING.
  8481 | Lair:1   | 8481 ||| FLEEEEING.
  8482 | Lair:1   | 8482 ||| FLEEEEING.
  8483 | Lair:1   | 8483 ||| FLEEEEING.
  8484 | Lair:1   | 8484 ||| FLEEEEING.
  8485 | Lair:1   | 8485 ||| FLEEEEING.
  8486 | Lair:1   | 8486 ||| FLEEEEING.
  8487 | Lair:1   | 8487 ||| FLEEEEING.
  8488 | Lair:1   | 8488 ||| FLEEEEING.
  8489 | Lair:1   | 8489 ||| FLEEEEING.
  8490 | Lair:1   | 8490 ||| FLEEEEING.
  8491 | Lair:1   | 8491 ||| FLEEEEING.
  8493 | Lair:1   | 8493 ||| FLEEEEING.
  8494 | Lair:1   | 8494 ||| FLEEEEING.
  8495 | Lair:1   | 8495 ||| FLEEEEING.
  8496 | Lair:1   | 8496 ||| FLEEEEING.
  8497 | Lair:1   | 8497 ||| FLEEEEING.
  8498 | Lair:1   | 8498 ||| FLEEEEING.
  8499 | Lair:1   | 8499 ||| FLEEEEING.
  8500 | Lair:1   | 8500 ||| FLEEEEING.
  8501 | Lair:1   | 8501 ||| FLEEEEING.
  8502 | Lair:1   | 8502 ||| FLEEEEING.
  8503 | Lair:1   | 8503 ||| FLEEEEING.
  8504 | Lair:1   | 8504 ||| FLEEEEING.
  8505 | Lair:1   | 8505 ||| STAIRDANCE
  8622 | Lair:1   | 8622 ||| Stepping ~*~*~tactically~*~*~ (hiding).
  8629 | Lair:1   | 8629 ||| INVOKING Heroism.
  8640 | Lair:1   | Killed Gastronok
  8640 | Lair:1   | Received a gift from Okawaru
  8667 | Lair:1   | 8667 ||| Stepping ~*~*~tactically~*~*~ (stealth).
  8669 | Lair:1   | 8669 ||| Stepping ~*~*~tactically~*~*~ (stealth).
  8684 | Lair:1   | 8684 ||| Stepping ~*~*~tactically~*~*~ (stealth).
  8687 | Lair:1   | 8687 ||| INVOKING Heroism.
  8727 | Lair:1   | Identified the +6 quarterstaff of the Jester {elec, rN+
                  | Str+2}
  8811 | Lair:1   | 8811 ||| DROPPING +2 flail of protection.
  8954 | Lair:2   | 8954 ||| INVOKING Heroism.
  8970 | Lair:2   | 8970 ||| Stepping ~*~*~tactically~*~*~ (hiding).
  8972 | Lair:2   | 8972 ||| Stepping ~*~*~tactically~*~*~ (hiding).
  8979 | Lair:2   | Reached skill level 9 in Invocations
  9105 | Lair:2   | 9105 ||| INVOKING Heroism.
  9129 | Lair:2   | Reached skill level 11 in Axes
  9134 | Lair:2   | Reached ***** piety under Okawaru
  9219 | Lair:2   | Found a staircase to the Snake Pit.
  9255 | Lair:2   | Reached XP level 12. HP: 61/75 MP: 19/19
  9282 | Lair:2   | 9282 ||| Stepping ~*~*~tactically~*~*~ (stealth).
  9283 | Lair:2   | 9283 ||| Stepping ~*~*~tactically~*~*~ (stealth).
  9284 | Lair:2   | 9284 ||| Stepping ~*~*~tactically~*~*~ (stealth).
  9306 | Lair:2   | 9306 ||| INVOKING Heroism.
  9365 | Lair:2   | 9365 ||| READING scroll of enchant weapon.
  9365 | Lair:2   | 9365 ||| ENCHANTING +3 spectral war axe.
  9374 | Lair:2   | Reached skill level 9 in Fighting
  9480 | Lair:2   | Noticed Fannar
  9491 | Lair:2   | Killed Fannar
  9558 | Lair:2   | Found a dark tunnel.
  9600 | Lair:2   | 9600 ||| INVOKING Heroism.
  9608 | Lair:2   | Received a gift from Okawaru
  9609 | Lair:2   | Reached skill level 9 in Armour
  9664 | Lair:2   | 9664 ||| Stepping ~*~*~tactically~*~*~ (hiding).
  9665 | Lair:2   | 9665 ||| Stepping ~*~*~tactically~*~*~ (hiding).
  9676 | Lair:2   | Noticed Amaemon
  9677 | Lair:2   | 9677 ||| INVOKING Heroism.
  9686 | Lair:2   | Killed Amaemon
  9705 | Lair:2   | 9705 ||| DROPPING +0 morningstar.
  9889 | Lair:2   | 9889 ||| READING scroll labelled IHUCID WEEDAU.
  9971 | Lair:3   | Noticed Rupert
  9972 | Lair:3   | 9972 ||| INVOKING Heroism.
  9973 | Lair:3   | 9973 ||| INVOKING Finesse.
  9981 | Lair:3   | Killed Rupert
 10072 | Lair:3   | Reached skill level 12 in Axes
 10074 | Lair:3   | Identified the +2 broad axe of Poamoawn {protect, Dex+3}
                  | (Okawaru gifted it to you on level 3 of the Lair of Beasts)
 10074 | Lair:3   | Received a gift from Okawaru
 10075 | Lair:3   | Reached skill level 3 in Dodging
 10094 | Lair:3   | 10094 ||| SWAPPING to +2 broad axe of Poamoawn {protect,
                  | Dex+3}.
 10095 | Lair:3   | 10095 ||| DROPPING +4 spectral war axe.
 10101 | Lair:3   | Noticed an eight-headed hydra
 10102 | Lair:3   | 10102 ||| INVOKING Heroism.
 10103 | Lair:3   | 10103 ||| INVOKING Finesse.
 10110 | Lair:3   | 10110 ||| SWAPPING to -1 demon whip of venom.
 10119 | Lair:3   | Killed an eight-headed hydra
 10120 | Lair:3   | 10120 ||| SWAPPING to +2 broad axe of Poamoawn {protect,
                  | Dex+3}.
 10367 | Lair:3   | 10367 ||| READING scroll of enchant armour.
 10367 | Lair:3   | 10367 ||| ENCHANTING +1 helmet.
 10749 | Lair:3   | 10749 ||| UPGRADING to +6 ring of strength.
 10751 | Lair:3   | 10751 ||| UPGRADING to +5 ring of evasion.
 10753 | Lair:3   | 10753 ||| DROPPING +6 ring of dexterity.
 10754 | Lair:3   | 10754 ||| DROPPING +6 ring of strength.
 10764 | Lair:4   | 10764 ||| PLANNING GAUNTLET
 10860 | Lair:4   | Found a gate leading to a gauntlet.
 10869 | Gauntlet | Entered a Gauntlet
 10869 | Gauntlet | Found a transporter.
 10875 | Gauntlet | Noticed a tengu warrior
 10876 | Gauntlet | Found a transporter.
 10879 | Gauntlet | Found a transporter.
 10890 | Gauntlet | Found a transporter.
 10893 | Gauntlet | Found a transporter.
 10903 | Gauntlet | Found a transporter.
 10916 | Gauntlet | Noticed a dire elephant
 10919 | Gauntlet | Found a transporter.
 10929 | Gauntlet | Noticed a quicksilver ooze
 10930 | Gauntlet | Found a transporter.
 10937 | Gauntlet | Noticed a blizzard demon
 10940 | Gauntlet | Found a transporter.
 10951 | Gauntlet | Found a runed translucent door.
 10951 | Gauntlet | Found a runed translucent door.
 10955 | Gauntlet | Found a transporter.
 10969 | Gauntlet | Found a transporter.
 10969 | Gauntlet | Found a transporter.
 11013 | Gauntlet | Found a transporter.
 11031 | Gauntlet | Found a transporter.
 11128 | Gauntlet | 11128 ||| INVOKING Heroism.
 11132 | Gauntlet | Killed a tengu warrior
 11249 | Gauntlet | 11249 ||| INVOKING Heroism.
 11250 | Gauntlet | 11250 ||| INVOKING Finesse.
 11259 | Gauntlet | Reached XP level 13. HP: 49/82 MP: 12/20
 11369 | Gauntlet | 11369 ||| INVOKING Heroism.
 11389 | Gauntlet | Killed a dire elephant
 11389 | Gauntlet | Received a gift from Okawaru
 11467 | Gauntlet | Identified the ring of Internal Strife {rC+ rCorr Str+3}
 11482 | Gauntlet | 11482 ||| UPGRADING to ring of Internal Strife {rC+ rCorr
                  | Str+3}.
 11484 | Gauntlet | 11484 ||| DROPPING ring of ice.
 11485 | Gauntlet | 11485 ||| UPGRADING to +5 ring of evasion.
 11487 | Gauntlet | 11487 ||| READING 3 scrolls of identify.
 11487 | Gauntlet | 11487 ||| IDENTIFYING inky potion
 11506 | Gauntlet | Identified the +6 plate armour of the Gloaming {Rampage
                  | Int+2}
 11506 | Gauntlet | Noticed a minotaur
 11507 | Gauntlet | 11507 ||| Stepping ~*~*~tactically~*~*~ (stealth).
 11510 | Gauntlet | 11510 ||| Stepping ~*~*~tactically~*~*~ (hiding).
 11512 | Gauntlet | 11512 ||| INVOKING Heroism.
 11520 | Gauntlet | HP: 15/82 [minotaur/+2 great mace of protection (19)]
 11521 | Gauntlet | 11521 ||| DRINKING 6 potions of heal wounds.
 11527 | Gauntlet | HP: 12/82 [minotaur/+2 great mace of protection (17)]
 11528 | Gauntlet | 11528 ||| DRINKING 5 potions of heal wounds.
 11530 | Gauntlet | 11530 ||| DRINKING 4 potions of heal wounds.
 11533 | Gauntlet | HP: 8/82 [minotaur/+2 great mace of protection (13)]
 11534 | Gauntlet | 11534 ||| DRINKING 3 potions of heal wounds.
 11540 | Gauntlet | HP: 15/82 [minotaur/+2 great mace of protection (8)]
 11541 | Gauntlet | 11541 ||| DRINKING 2 potions of heal wounds.
 11543 | Gauntlet | 11543 ||| DRINKING potion of heal wounds.
 11549 | Gauntlet | HP: 15/82 [minotaur/+2 great mace of protection (27)]
 11557 | Gauntlet | HP: 6/82 [minotaur/+2 great mace of protection (6)]
 11558 | Gauntlet | Killed a minotaur
 11801 | Gauntlet | 11801 ||| INVOKING Heroism.
 12012 | Gauntlet | 12012 ||| UPGRADING to +6 plate armour of the Gloaming
                  | {Rampage Int+2}.
 12022 | Gauntlet | 12022 ||| DROPPING +0 plate armour.
 12023 | Gauntlet | 12023 ||| READING 2 scrolls of identify.
 12023 | Gauntlet | 12023 ||| IDENTIFYING fuming blue potion
 12035 | Lair:4   | 12035 ||| PLANNING LAIR
 12083 | Lair:4   | 12083 ||| INVOKING Heroism.
 12145 | Lair:4   | Reached skill level 13 in Axes
 12162 | Lair:4   | Identified the +11 dagger of Wyrd {freeze, Drain Dex+4}
 12249 | Lair:4   | 12249 ||| Stepping ~*~*~tactically~*~*~ (stealth).
 12285 | Lair:4   | 12285 ||| INVOKING Heroism.
 12477 | Lair:4   | 12477 ||| Stepping ~*~*~tactically~*~*~ (stealth).
 12725 | Lair:4   | 12725 ||| DROPPING orb of wrath.
 12726 | Lair:4   | 12726 ||| READING scroll labelled EWOASU BITHRAA.
 12773 | Lair:5   | Entered Level 5 of the Lair of Beasts
 12774 | Lair:5   | 12774 ||| INVOKING Heroism.
 12801 | Lair:5   | 12801 ||| Stepping ~*~*~tactically~*~*~ (stealth).
 12815 | Lair:5   | 12815 ||| Stepping ~*~*~tactically~*~*~ (stealth).
 12817 | Lair:5   | 12817 ||| Stepping ~*~*~tactically~*~*~ (stealth).
 12880 | Lair:5   | Reached skill level 14 in Axes
 12992 | Lair:5   | 12992 ||| INVOKING Heroism.
 12993 | Lair:5   | 12993 ||| INVOKING Finesse.
 12994 | Lair:5   | 12994 ||| Stepping ~*~*~tactically~*~*~ (stealth).
 13052 | Lair:5   | Noticed Snorg
 13053 | Lair:5   | 13053 ||| INVOKING Heroism.
 13059 | Lair:5   | 13059 ||| INVOKING Finesse.
 13062 | Lair:5   | Killed Snorg
 13172 | Lair:5   | 13172 ||| Stepping ~*~*~tactically~*~*~ (stealth).
 13181 | Lair:5   | 13181 ||| INVOKING Heroism.
 13218 | Lair:5   | Found a staircase to the Slime Pits.
 13230 | Lair:5   | 13230 ||| INVOKING Heroism.
 13259 | Lair:5   | 13259 ||| INVOKING Heroism.
 13260 | Lair:5   | 13260 ||| INVOKING Finesse.
 13269 | Lair:5   | Received a gift from Okawaru
 13280 | Lair:5   | Received a gift from Okawaru
 13281 | Lair:5   | Gained mutation: Your large and strong wings let you fly.
                  | [Gargoyle growth]
 13281 | Lair:5   | Reached XP level 14. HP: 68/90 MP: 14/21
 13347 | Lair:5   | 13347 ||| DROPPING +0 broad axe of electrocution.
 13391 | Lair:5   | 13391 ||| INVOKING Heroism.
 13392 | Lair:5   | 13392 ||| INVOKING Finesse.
 13525 | Lair:5   | 13525 ||| Stepping ~*~*~tactically~*~*~ (stealth).
 13567 | Lair:5   | 13567 ||| INVOKING Heroism.
 13594 | Lair:5   | 13594 ||| Stepping ~*~*~tactically~*~*~ (stealth).
 13619 | Lair:5   | Reached skill level 6 in Throwing
 13629 | Lair:5   | 13629 ||| INVOKING Heroism.
 13665 | Lair:5   | 13665 ||| INVOKING Heroism.
 13708 | Lair:5   | 13708 ||| Stepping ~*~*~tactically~*~*~ (stealth).
 13711 | Lair:5   | 13711 ||| Stepping ~*~*~tactically~*~*~ (stealth).
 13712 | Lair:5   | 13712 ||| Stepping ~*~*~tactically~*~*~ (stealth).
 13714 | Lair:5   | 13714 ||| Stepping ~*~*~tactically~*~*~ (stealth).
 13716 | Lair:5   | 13716 ||| Stepping ~*~*~tactically~*~*~ (stealth).
 13717 | Lair:5   | 13717 ||| FLEEEEING.
 13718 | Lair:5   | 13718 ||| FLEEEEING.
 13720 | Lair:5   | 13720 ||| FLEEEEING.
 13721 | Lair:5   | 13721 ||| FLEEEEING.
 13723 | Lair:5   | 13723 ||| FLEEEEING.
 13724 | Lair:5   | 13724 ||| FLEEEEING.
 13725 | Lair:5   | 13725 ||| FLEEEEING.
 13726 | Lair:5   | 13726 ||| Stepping ~*~*~tactically~*~*~ (stealth).
 13727 | Lair:5   | 13727 ||| FLEEEEING.
 13728 | Lair:5   | 13728 ||| FLEEEEING.
 13729 | Lair:5   | 13729 ||| FLEEEEING.
 13730 | Lair:5   | 13730 ||| FLEEEEING.
 13731 | Lair:5   | 13731 ||| FLEEEEING.
 13732 | Lair:5   | 13732 ||| FLEEEEING.
 13733 | Lair:5   | 13733 ||| FLEEEEING.
 13734 | Lair:5   | 13734 ||| FLEEEEING.
 13735 | Lair:5   | 13735 ||| FLEEEEING.
 13736 | Lair:5   | 13736 ||| FLEEEEING.
 13737 | Lair:5   | 13737 ||| FLEEEEING.
 13738 | Lair:5   | 13738 ||| FLEEEEING.
 13739 | Lair:5   | 13739 ||| FLEEEEING.
 13740 | Lair:5   | 13740 ||| FLEEEEING.
 13741 | Lair:5   | 13741 ||| FLEEEEING.
 13742 | Lair:5   | 13742 ||| FLEEEEING.
 13743 | Lair:5   | 13743 ||| FLEEEEING.
 13744 | Lair:5   | 13744 ||| FLEEEEING.
 13745 | Lair:5   | 13745 ||| FLEEEEING.
 13746 | Lair:5   | 13746 ||| FLEEEEING.
 13747 | Lair:5   | 13747 ||| FLEEEEING.
 13748 | Lair:5   | 13748 ||| FLEEEEING.
 13749 | Lair:5   | 13749 ||| FLEEEEING.
 13750 | Lair:5   | 13750 ||| FLEEEEING.
 13751 | Lair:5   | 13751 ||| FLEEEEING.
 13752 | Lair:5   | 13752 ||| FLEEEEING.
 13753 | Lair:5   | 13753 ||| FLEEEEING.
 13754 | Lair:5   | 13754 ||| FLEEEEING.
 13755 | Lair:5   | 13755 ||| FLEEEEING.
 13756 | Lair:5   | 13756 ||| FLEEEEING.
 13757 | Lair:5   | 13757 ||| FLEEEEING.
 13758 | Lair:5   | 13758 ||| FLEEEEING.
 13759 | Lair:5   | 13759 ||| FLEEEEING.
 13760 | Lair:5   | 13760 ||| FLEEEEING.
 13761 | Lair:5   | 13761 ||| FLEEEEING.
 13762 | Lair:5   | 13762 ||| FLEEEEING.
 13763 | Lair:5   | 13763 ||| FLEEEEING.
 13764 | Lair:5   | 13764 ||| FLEEEEING.
 13765 | Lair:5   | 13765 ||| STAIRDANCE
 13922 | Lair:5   | 13922 ||| Stepping ~*~*~tactically~*~*~ (stealth).
 13931 | Lair:5   | 13931 ||| INVOKING Heroism.
 13932 | Lair:5   | Received a gift from Okawaru
 14085 | Lair:5   | 14085 ||| Stepping ~*~*~tactically~*~*~ (stealth).
 14086 | Lair:5   | 14086 ||| Stepping ~*~*~tactically~*~*~ (stealth).
 14403 | Lair:5   | 14403 ||| INVOKING Heroism.
 14409 | Lair:5   | 14409 ||| SWAPPING to -1 demon whip of venom.
 14411 | Lair:5   | Reached skill level 15 in Axes
 14411 | Lair:5   | 14411 ||| SWAPPING to +2 broad axe of Poamoawn {protect,
                  | Dex+3}.
 14621 | Lair:5   | 14621 ||| PLANNING D:1-11
 14621 | Lair:5   | 14621 ||| UPGRADING to +2 buckler.
 14631 | Lair:5   | 14631 ||| DROPPING +0 buckler.
 14765 | D:9      | 14765 ||| Stepping ~*~*~tactically~*~*~ (stealth).
 14766 | D:9      | 14766 ||| Stepping ~*~*~tactically~*~*~ (stealth).
 14769 | D:9      | 14769 ||| Stepping ~*~*~tactically~*~*~ (stealth).
 14770 | D:9      | 14770 ||| Stepping ~*~*~tactically~*~*~ (stealth).
 14774 | D:9      | 14774 ||| Stepping ~*~*~tactically~*~*~ (hiding).
 14892 | D:9      | Found Mekieng's General Store.
 14900 | D:9      | 14900 ||| BUYING potion of lignification (33 gold).
 14900 | D:9      | Bought a potion of lignification for 33 gold pieces
 14900 | D:9      | 14900 ||| BUYING scroll of teleportation (33 gold).
 14900 | D:9      | Bought a scroll of teleportation for 33 gold pieces
 14984 | D:9      | Found a staircase to the Orcish Mines.
 15034 | D:9      | Found Xoscheame's Antique Weapon Shoppe.
 15076 | D:9      | Identified the +2 robe "Bemial Guufi" {rCorr Str+2}
 15096 | D:9      | Found Egyqeyss's Jewellery Shop.
 15117 | D:9      | 15117 ||| BUYING amulet of regeneration (390 gold).
 15117 | D:9      | Bought an amulet of regeneration for 390 gold pieces
 15117 | D:9      | 15117 ||| BUYING ring of protection from fire (325 gold).
 15117 | D:9      | Bought a ring of protection from fire for 325 gold pieces
 15482 | D:9      | 15482 ||| Stepping ~*~*~tactically~*~*~ (hiding).
 15605 | D:9      | Found Zeomut's Weapon Boutique.
 15653 | D:9      | Found a burning altar of Makhleb.
 15653 | D:9      | Found a shimmering altar of Xom.
 15716 | D:9      | Found a blossoming altar of Fedhas.
 15732 | D:9      | Found an ornate altar of the Wu Jian Council.
 15930 | D:9      | 15930 ||| READING 2 scrolls labelled GYK UMIERE.
 15931 | D:9      | 15931 ||| READING scroll labelled ERCHIN GESO.
 15985 | D:9      | 15985 ||| DROPPING scroll of magic mapping.
 15996 | D:10     | Entered Level 10 of the Dungeon
 16121 | D:10     | 16121 ||| Stepping ~*~*~tactically~*~*~ (cloud).
 16486 | D:10     | Noticed Nergalle
 16488 | D:10     | 16488 ||| Stepping ~*~*~tactically~*~*~ (hiding).
 16500 | D:10     | Killed Nergalle
 16720 | D:11     | Identified the +1 cloak "Juumafeb" {Fly Will+} (Okawaru
                  | gifted it to you on level 11 of the Dungeon)
 16720 | D:11     | Received a gift from Okawaru
 16724 | D:11     | Reached skill level 12 in Fighting
 16776 | D:11     | 16776 ||| INVOKING Heroism.
 16777 | D:11     | 16777 ||| INVOKING Finesse.
 16845 | D:11     | 16845 ||| Stepping ~*~*~tactically~*~*~ (hiding).
 16847 | D:11     | 16847 ||| Stepping ~*~*~tactically~*~*~ (hiding).
 16986 | D:11     | 16986 ||| READING scroll of enchant armour.
 16986 | D:11     | 16986 ||| ENCHANTING +0 pair of boots.
 17130 | D:11     | 17130 ||| READING scroll of enchant armour.
 17130 | D:11     | 17130 ||| ENCHANTING +1 pair of boots.
 17192 | D:11     | 17192 ||| PLANNING D
 17192 | D:11     | 17192 ||| UPGRADING to +1 cloak "Juumafeb" {Fly Will+}.
 17202 | D:11     | 17202 ||| DROPPING +0 cloak.
 17286 | D:12     | 17286 ||| INVOKING Heroism.
 17287 | D:12     | 17287 ||| INVOKING Finesse.
 17347 | D:12     | Noticed Nessos
 17354 | D:12     | 17354 ||| Stepping ~*~*~tactically~*~*~ (hiding).
 17370 | D:12     | Killed Nessos
 17371 | D:12     | Reached skill level 12 in Armour
 17468 | D:12     | 17468 ||| Stepping ~*~*~tactically~*~*~ (stealth).
 17477 | D:12     | 17477 ||| INVOKING Heroism.
 17634 | D:12     | Identified the +3 giant spiked club of Risk Management
                  | {venom, rElec Int-5 Dex+8 Stlth-}
 17695 | D:12     | 17695 ||| Stepping ~*~*~tactically~*~*~ (hiding).
 17705 | D:12     | 17705 ||| INVOKING Heroism.
 17836 | D:12     | 17836 ||| Stepping ~*~*~tactically~*~*~ (stealth).
 17839 | D:12     | 17839 ||| Stepping ~*~*~tactically~*~*~ (stealth).
 17842 | D:12     | Noticed Jorgrun
 17843 | D:12     | 17843 ||| INVOKING Heroism.
 17867 | D:12     | Killed Jorgrun
 18205 | D:13     | 18205 ||| STAIRDANCE
 18211 | D:12     | 18211 ||| INVOKING Heroism.
 18214 | D:12     | Reached XP level 15. HP: 61/96 MP: 19/22
 18317 | D:13     | 18317 ||| INVOKING Heroism.
 18324 | D:13     | Received a gift from Okawaru
 18470 | D:13     | 18470 ||| Stepping ~*~*~tactically~*~*~ (hiding).
 18473 | D:13     | 18473 ||| Stepping ~*~*~tactically~*~*~ (hiding).
 18492 | D:13     | 18492 ||| Stepping ~*~*~tactically~*~*~ (hiding).
 18493 | D:13     | 18493 ||| Stepping ~*~*~tactically~*~*~ (hiding).
 18575 | D:13     | Reached skill level 16 in Axes
 18604 | D:13     | 18604 ||| INVOKING Heroism.
 18768 | D:13     | 18768 ||| INVOKING Heroism.
 18995 | D:13     | 18995 ||| INVOKING Heroism.
 19356 | D:13     | Received a gift from Okawaru
 19366 | D:13     | 19366 ||| INVOKING Heroism.
 19377 | D:13     | 19377 ||| SWAPPING to -1 demon whip of venom.
 19382 | D:13     | Received a gift from Okawaru
 19383 | D:13     | 19383 ||| SWAPPING to +2 broad axe of Poamoawn {protect,
                  | Dex+3}.
 19447 | D:13     | Found a gate to the Vaults.
 19662 | D:14     | 19662 ||| Stepping ~*~*~tactically~*~*~ (stealth).
 19672 | D:14     | 19672 ||| INVOKING Heroism.
 19956 | D:14     | 19956 ||| Stepping ~*~*~tactically~*~*~ (hiding).
 19972 | Abyss:2  | Cast into level 2 of the Abyss (a wizard)
 19973 | Abyss:2  | Found a corrupted altar of Lugonu.
 20105 | Abyss:3  | Found a corrupted altar of Lugonu.
 20154 | Abyss:3  | 20154 ||| Stepping ~*~*~tactically~*~*~ (stealth).
 20157 | Abyss:3  | 20157 ||| Stepping ~*~*~tactically~*~*~ (hiding).
 20158 | Abyss:3  | 20158 ||| Stepping ~*~*~tactically~*~*~ (stealth).
 20166 | Abyss:3  | 20166 ||| Stepping ~*~*~tactically~*~*~ (hiding).
 20170 | Abyss:3  | Paralysed by accursed screaming for 1 turns
 20173 | Abyss:3  | 20173 ||| Stepping ~*~*~tactically~*~*~ (hiding).
 20181 | Abyss:3  | 20181 ||| INVOKING Heroism.
 20196 | Abyss:3  | HP: 24/96 [starcursed mass/accursed screaming (11)]
 20197 | Abyss:3  | 20197 ||| READING 10 scrolls of teleportation.
 20198 | Abyss:3  | 20198 ||| DRINKING potion of heal wounds.
 20201 | Abyss:3  | Killed a starcursed mass
 20207 | Abyss:3  | Received a gift from Okawaru
 20210 | Abyss:3  | Found a corrupted altar of Lugonu.
 20275 | Abyss:3  | 20275 ||| Stepping ~*~*~tactically~*~*~ (stealth).
 20277 | Abyss:3  | 20277 ||| Stepping ~*~*~tactically~*~*~ (stealth).
 20294 | Abyss:3  | Noticed a tentacled starspawn
 20294 | Abyss:3  | 20294 ||| Stepping ~*~*~tactically~*~*~ (stealth).
 20297 | Abyss:3  | 20297 ||| Stepping ~*~*~tactically~*~*~ (stealth).
 20299 | Abyss:3  | 20299 ||| Stepping ~*~*~tactically~*~*~ (stealth).
 20300 | Abyss:3  | 20300 ||| Stepping ~*~*~tactically~*~*~ (stealth).
 20301 | Abyss:3  | 20301 ||| Stepping ~*~*~tactically~*~*~ (stealth).
 20309 | Abyss:3  | 20309 ||| INVOKING Heroism.
 20365 | Abyss:3  | 20365 ||| INVOKING Heroism.
 20366 | Abyss:3  | 20366 ||| Stepping ~*~*~tactically~*~*~ (hiding).
 20367 | Abyss:3  | 20367 ||| Stepping ~*~*~tactically~*~*~ (hiding).
 20368 | Abyss:3  | 20368 ||| Stepping ~*~*~tactically~*~*~ (hiding).
 20369 | Abyss:3  | 20369 ||| Stepping ~*~*~tactically~*~*~ (hiding).
 20387 | Abyss:3  | 20387 ||| Stepping ~*~*~tactically~*~*~ (stealth).
 20395 | Abyss:3  | 20395 ||| Stepping ~*~*~tactically~*~*~ (stealth).
 20396 | Abyss:3  | 20396 ||| Stepping ~*~*~tactically~*~*~ (hiding).
 20397 | Abyss:3  | Gained mutation: Your magical capacity is low. (-10% MP) [a
                  | neqoxec]
 20431 | Abyss:3  | 20431 ||| INVOKING Heroism.
 20440 | Abyss:3  | Reached skill level 17 in Axes
 20452 | Abyss:3  | 20452 ||| Stepping ~*~*~tactically~*~*~ (stealth).
 20460 | Abyss:3  | 20460 ||| Stepping ~*~*~tactically~*~*~ (stealth).
 20469 | Abyss:3  | Gained mutation: You occasionally lose the ability to read
                  | scrolls when taking damage. [a neqoxec]
 20474 | Abyss:3  | Gained mutation: You occasionally shout uncontrollably at
                  | your foes. [a neqoxec]
 20475 | Abyss:3  | Received a gift from Okawaru
 20486 | Abyss:3  | Found a bloodstained altar of Trog.
 20488 | Abyss:3  | 20488 ||| INVOKING Heroism.
 20490 | Abyss:3  | 20490 ||| Stepping ~*~*~tactically~*~*~ (hiding).
 20491 | Abyss:3  | 20491 ||| Stepping ~*~*~tactically~*~*~ (hiding).
 20527 | Abyss:3  | 20527 ||| Stepping ~*~*~tactically~*~*~ (stealth).
 20533 | Abyss:3  | 20533 ||| Stepping ~*~*~tactically~*~*~ (stealth).
 20534 | Abyss:3  | 20534 ||| Stepping ~*~*~tactically~*~*~ (hiding).
 20535 | Abyss:3  | 20535 ||| Stepping ~*~*~tactically~*~*~ (stealth).
 20536 | Abyss:3  | 20536 ||| Stepping ~*~*~tactically~*~*~ (hiding).
 20537 | Abyss:3  | 20537 ||| INVOKING Heroism.
 20550 | Abyss:3  | Killed a tentacled starspawn
 20551 | Abyss:3  | Noticed a tentacled starspawn
 20554 | D:14     | Escaped the Abyss
 20555 | D:14     | 20555 ||| Stepping ~*~*~tactically~*~*~ (hiding).
 20693 | D:14     | 20693 ||| DRINKING 3 potions of mutation.
 20693 | D:14     | Lost mutation: You occasionally lose the ability to read
                  | scrolls when taking damage. [potion of mutation]
 20693 | D:14     | Lost mutation: Your magical capacity is low. (-10% MP)
                  | [potion of mutation]
 20693 | D:14     | Lost mutation: You occasionally shout uncontrollably at
                  | your foes. [potion of mutation]
 20693 | D:14     | Gained mutation: You have sharp toenails. [potion of
                  | mutation]
 20708 | D:14     | 20708 ||| Stepping ~*~*~tactically~*~*~ (hiding).
 20720 | D:14     | 20720 ||| Stepping ~*~*~tactically~*~*~ (stealth).
 20722 | D:14     | 20722 ||| Stepping ~*~*~tactically~*~*~ (hiding).
 20723 | D:14     | 20723 ||| Stepping ~*~*~tactically~*~*~ (hiding).
 20728 | D:14     | 20728 ||| Stepping ~*~*~tactically~*~*~ (hiding).
 21032 | D:14     | Received a gift from Okawaru
 21069 | D:14     | Found a shimmering altar of Xom.
 21072 | D:14     | Found a shadowy altar of Dithmenos.
 21072 | D:14     | Found a glowing silver altar of Zin.
 21074 | D:14     | Found a sacrificial altar of Ru.
 21074 | D:14     | Found a basalt altar of Yredelemnul.
 21074 | D:14     | Found a shadowy altar of Dithmenos.
 21149 | D:14     | 21149 ||| UPGRADING to +0 buckler of protection.
 21159 | D:14     | 21159 ||| DROPPING +2 buckler.
 21160 | D:14     | 21160 ||| DROPPING +6 ring of intelligence.
 21161 | D:14     | 21161 ||| READING scroll labelled AMMISI YVAEGO.
 21161 | D:14     | Identified a scroll of acquirement
 21161 | D:14     | 21161 ||| ACQUIRING -1 cloak "Ivuqir" {*Corrode rF+ rN++
                  | Int+2}
 21161 | D:14     | Acquired the -1 cloak "Ivuqir" {*Corrode rF+ rN++ Int+2}
 21163 | D:14     | 21163 ||| READING 14 scrolls of identify.
 21163 | D:14     | 21163 ||| IDENTIFYING murky silvery potion
 21164 | D:14     | 21164 ||| READING 13 scrolls of identify.
 21164 | D:14     | 21164 ||| IDENTIFYING lumpy brown potion
 21165 | D:14     | 21165 ||| DROPPING potion of berserk rage.
 21177 | D:15     | Entered Level 15 of the Dungeon
 21178 | D:15     | 21178 ||| INVOKING Heroism.
 21179 | D:15     | 21179 ||| SWAPPING to -1 demon whip of venom.
 21188 | D:15     | 21188 ||| SWAPPING to +2 broad axe of Poamoawn {protect,
                  | Dex+3}.
 21211 | D:15     | Received a gift from Okawaru
 21245 | D:15     | Reached XP level 16. HP: 79/104 MP: 23/23
 21324 | D:15     | Found a staircase to the Depths.
 21383 | D:15     | Received a gift from Okawaru
 21390 | D:15     | Found a hide-covered altar of Uskayaw.
 21462 | D:15     | 21462 ||| INVOKING Heroism.
 21671 | D:15     | Found a frozen archway.
 21672 | D:15     | 21672 ||| INVOKING Heroism.
 21673 | D:15     | 21673 ||| INVOKING Finesse.
 21844 | D:15     | 21844 ||| PLANNING ORC
 22001 | Orc:1    | Entered Level 1 of the Orcish Mines
 22013 | Orc:1    | 22013 ||| DROPPING -1 demon whip of venom.
 22040 | Orc:1    | 22040 ||| Stepping ~*~*~tactically~*~*~ (stealth).
 22042 | Orc:1    | 22042 ||| Stepping ~*~*~tactically~*~*~ (stealth).
 22052 | Orc:1    | Noticed Sonja
 22053 | Orc:1    | 22053 ||| INVOKING Finesse.
 22063 | Orc:1    | Killed Sonja
 22310 | Orc:2    | Entered Level 2 of the Orcish Mines
 22312 | Orc:2    | 22312 ||| Stepping ~*~*~tactically~*~*~ (stealth).
 22314 | Orc:2    | 22314 ||| Stepping ~*~*~tactically~*~*~ (stealth).
 22358 | Orc:2    | Found a staircase to the Elven Halls.
 22406 | Orc:1    | 22406 ||| Stepping ~*~*~tactically~*~*~ (hiding).
 22407 | Orc:1    | 22407 ||| Stepping ~*~*~tactically~*~*~ (hiding).
 22408 | Orc:1    | 22408 ||| Stepping ~*~*~tactically~*~*~ (hiding).
 22409 | Orc:1    | 22409 ||| Stepping ~*~*~tactically~*~*~ (hiding).
 22420 | Orc:1    | Received a gift from Okawaru
 22426 | Orc:1    | 22426 ||| Stepping ~*~*~tactically~*~*~ (hiding).
 22427 | Orc:1    | 22427 ||| Stepping ~*~*~tactically~*~*~ (hiding).
 22428 | Orc:1    | 22428 ||| Stepping ~*~*~tactically~*~*~ (hiding).
 22430 | Orc:1    | 22430 ||| Stepping ~*~*~tactically~*~*~ (hiding).
 22431 | Orc:1    | 22431 ||| Stepping ~*~*~tactically~*~*~ (hiding).
 22432 | Orc:1    | 22432 ||| Stepping ~*~*~tactically~*~*~ (hiding).
 22433 | Orc:1    | 22433 ||| Stepping ~*~*~tactically~*~*~ (hiding).
 22670 | Orc:2    | 22670 ||| INVOKING Heroism.
 22680 | Orc:2    | 22680 ||| Stepping ~*~*~tactically~*~*~ (hiding).
 22681 | Orc:2    | 22681 ||| Stepping ~*~*~tactically~*~*~ (hiding).
 22682 | Orc:2    | 22682 ||| Stepping ~*~*~tactically~*~*~ (hiding).
 22787 | Orc:2    | 22787 ||| Stepping ~*~*~tactically~*~*~ (stealth).
 22847 | Orc:2    | 22847 ||| INVOKING Heroism.
 22870 | Orc:2    | 22870 ||| INVOKING Finesse.
 22886 | Orc:2    | Found Qen Hobbule's Antique Armour Boutique.
 22970 | Orc:2    | Found Diro Yrisk's Antique Weapon Shop.
 22998 | Orc:2    | 22998 ||| SHOPLISTING glowing storm dragon scales (2739
                  | gold, have 1267).
 23061 | Orc:2    | 23061 ||| INVOKING Heroism.
 23131 | Orc:2    | 23131 ||| INVOKING Heroism.
 23315 | Orc:1    | Reached skill level 18 in Axes
 23517 | Orc:2    | 23517 ||| INVOKING Heroism.
 23531 | Orc:2    | Found Komuadd's Magic Scroll Shoppe.
 23536 | Orc:2    | 23536 ||| BUYING scroll of enchant armour (105 gold).
 23536 | Orc:2    | Bought a scroll of enchant armour for 105 gold pieces
 23536 | Orc:2    | 23536 ||| BUYING scroll of teleportation (42 gold).
 23536 | Orc:2    | Bought a scroll of teleportation for 42 gold pieces
 23592 | Orc:2    | 23592 ||| Stepping ~*~*~tactically~*~*~ (hiding).
 23593 | Orc:2    | 23593 ||| Stepping ~*~*~tactically~*~*~ (hiding).
 23604 | Orc:2    | 23604 ||| INVOKING Heroism.
 23611 | Orc:2    | 23611 ||| Stepping ~*~*~tactically~*~*~ (stealth).
 23620 | Orc:2    | Found Kigg's Distillery.
 23629 | Orc:2    | 23629 ||| BUYING potion of attraction (45 gold).
 23629 | Orc:2    | Bought a potion of attraction for 45 gold pieces
 23629 | Orc:2    | 23629 ||| BUYING potion of curing (45 gold).
 23629 | Orc:2    | Bought a potion of curing for 45 gold pieces
 23629 | Orc:2    | 23629 ||| BUYING potion of haste (150 gold).
 23629 | Orc:2    | Bought a potion of haste for 150 gold pieces
 23629 | Orc:2    | 23629 ||| BUYING potion of haste (150 gold).
 23629 | Orc:2    | Bought a potion of haste for 150 gold pieces
 23629 | Orc:2    | 23629 ||| BUYING potion of heal wounds (75 gold).
 23629 | Orc:2    | Bought a potion of heal wounds for 75 gold pieces
 23629 | Orc:2    | 23629 ||| BUYING potion of heal wounds (75 gold).
 23629 | Orc:2    | Bought a potion of heal wounds for 75 gold pieces
 23629 | Orc:2    | 23629 ||| BUYING potion of might (60 gold).
 23629 | Orc:2    | Bought a potion of might for 60 gold pieces
 23629 | Orc:2    | 23629 ||| BUYING potion of mutation (120 gold).
 23629 | Orc:2    | Bought a potion of mutation for 120 gold pieces
 23672 | Orc:2    | 23672 ||| PLANNING SHOALS:1-3
 23773 | Shoals:1 | Entered Level 1 of the Shoals
 23804 | Shoals:1 | 23804 ||| INVOKING Heroism.
 23814 | Shoals:1 | Reached skill level 9 in Shields
 23961 | Shoals:1 | 23961 ||| Stepping ~*~*~tactically~*~*~ (stealth).
 23963 | Shoals:1 | 23963 ||| Stepping ~*~*~tactically~*~*~ (stealth).
 23964 | Shoals:1 | 23964 ||| Stepping ~*~*~tactically~*~*~ (stealth).
 24081 | Shoals:1 | 24081 ||| INVOKING Heroism.
 24610 | Shoals:1 | 24610 ||| Stepping ~*~*~tactically~*~*~ (stealth).
 24612 | Shoals:1 | 24612 ||| Stepping ~*~*~tactically~*~*~ (hiding).
 24613 | Shoals:1 | 24613 ||| Stepping ~*~*~tactically~*~*~ (hiding).
 24966 | Shoals:2 | Found a corrupted altar of Lugonu.
 24970 | Shoals:2 | 24970 ||| INVOKING Heroism.
 24971 | Shoals:2 | Found a one-way gate to the infinite horrors of the Abyss.
 25171 | Shoals:2 | 25171 ||| INVOKING Heroism.
 25236 | Shoals:2 | Noticed a kraken
 25247 | Shoals:2 | 25247 ||| INVOKING Heroism.
 25250 | Shoals:2 | Killed a kraken
 25427 | Shoals:2 | Found Muph's Distillery.
 25431 | Shoals:2 | 25431 ||| INVOKING Heroism.
 25432 | Shoals:2 | Received a gift from Okawaru
 25598 | Shoals:2 | 25598 ||| BUYING potion of curing (39 gold).
 25598 | Shoals:2 | Bought a potion of curing for 39 gold pieces
 25598 | Shoals:2 | 25598 ||| BUYING potion of curing (39 gold).
 25598 | Shoals:2 | Bought a potion of curing for 39 gold pieces
 25598 | Shoals:2 | 25598 ||| BUYING potion of haste (130 gold).
 25598 | Shoals:2 | Bought a potion of haste for 130 gold pieces
 25598 | Shoals:2 | 25598 ||| BUYING potion of might (52 gold).
 25598 | Shoals:2 | Bought a potion of might for 52 gold pieces
 25598 | Shoals:2 | 25598 ||| BUYING potion of might (52 gold).
 25598 | Shoals:2 | Bought a potion of might for 52 gold pieces
 25667 | Shoals:2 | Received a gift from Okawaru
 25670 | Shoals:2 | 25670 ||| FLEEEEING.
 25671 | Shoals:2 | 25671 ||| FLEEEEING.
 25680 | Shoals:2 | Reached XP level 17. HP: 80/111 MP: 24/24
 25682 | Shoals:2 | 25682 ||| INVOKING Heroism.
 25788 | Shoals:2 | Noticed Frances
 25789 | Shoals:2 | 25789 ||| Stepping ~*~*~tactically~*~*~ (hiding).
 25791 | Shoals:2 | 25791 ||| INVOKING Heroism.
 25792 | Shoals:2 | 25792 ||| INVOKING Finesse.
 25802 | Shoals:2 | Killed Frances
 25983 | Shoals:2 | 25983 ||| INVOKING Heroism.
 26255 | Shoals:2 | 26255 ||| INVOKING Heroism.
 26567 | Shoals:2 | 26567 ||| DROPPING +1 pair of boots of stealth.
 26578 | Shoals:3 | 26578 ||| Stepping ~*~*~tactically~*~*~ (hiding).
 26580 | Shoals:3 | 26580 ||| Stepping ~*~*~tactically~*~*~ (hiding).
 26585 | Shoals:3 | 26585 ||| Stepping ~*~*~tactically~*~*~ (hiding).
 26642 | Shoals:3 | 26642 ||| INVOKING Heroism.
 26815 | Shoals:3 | 26815 ||| Stepping ~*~*~tactically~*~*~ (stealth).
 26816 | Shoals:3 | 26816 ||| Stepping ~*~*~tactically~*~*~ (stealth).
 26818 | Shoals:3 | 26818 ||| Stepping ~*~*~tactically~*~*~ (stealth).
 26827 | Shoals:3 | 26827 ||| INVOKING Heroism.
 26835 | Shoals:3 | 26835 ||| Stepping ~*~*~tactically~*~*~ (stealth).
 26836 | Shoals:3 | 26836 ||| Stepping ~*~*~tactically~*~*~ (stealth).
 26837 | Shoals:3 | 26837 ||| Stepping ~*~*~tactically~*~*~ (stealth).
 26838 | Shoals:3 | 26838 ||| Stepping ~*~*~tactically~*~*~ (stealth).
 26839 | Shoals:3 | 26839 ||| Stepping ~*~*~tactically~*~*~ (stealth).
 26977 | Shoals:3 | Found Pytusu's General Store.
 26986 | Shoals:3 | 26986 ||| BUYING scroll of teleportation (51 gold).
 26986 | Shoals:3 | Bought a scroll of teleportation for 51 gold pieces
 26986 | Shoals:3 | 26986 ||| BUYING scroll of teleportation (51 gold).
 26986 | Shoals:3 | Bought a scroll of teleportation for 51 gold pieces
 27368 | Shoals:3 | 27368 ||| Stepping ~*~*~tactically~*~*~ (hiding).
 27373 | Shoals:3 | 27373 ||| Stepping ~*~*~tactically~*~*~ (hiding).
 27374 | Shoals:3 | 27374 ||| Stepping ~*~*~tactically~*~*~ (hiding).
 27491 | Shoals:3 | 27491 ||| Stepping ~*~*~tactically~*~*~ (hiding).
 27492 | Shoals:3 | 27492 ||| Stepping ~*~*~tactically~*~*~ (hiding).
 27495 | Shoals:3 | 27495 ||| INVOKING Heroism.
 27523 | Shoals:3 | 27523 ||| Stepping ~*~*~tactically~*~*~ (hiding).
 27645 | Shoals:3 | Noticed a kraken
 27655 | Shoals:3 | Killed a kraken
 27656 | Shoals:3 | Reached skill level 15 in Fighting
 27750 | Shoals:3 | 27750 ||| Stepping ~*~*~tactically~*~*~ (hiding).
 27877 | Shoals:3 | 27877 ||| PLANNING SNAKE:1-3
 27996 | Snake:1  | Entered Level 1 of the Snake Pit
 28007 | Snake:1  | 28007 ||| Stepping ~*~*~tactically~*~*~ (hiding).
 28008 | Snake:1  | 28008 ||| Stepping ~*~*~tactically~*~*~ (hiding).
 28042 | Snake:1  | Found a sacrificial altar of Ru.
 28209 | Snake:1  | 28209 ||| INVOKING Heroism.
 28445 | Snake:1  | 28445 ||| INVOKING Heroism.
 28450 | Snake:1  | 28450 ||| Stepping ~*~*~tactically~*~*~ (hiding).
 28480 | Snake:1  | Received a gift from Okawaru
 28580 | Snake:1  | Reached skill level 15 in Armour
 28609 | Snake:1  | 28609 ||| Stepping ~*~*~tactically~*~*~ (hiding).
 28613 | Snake:1  | 28613 ||| Stepping ~*~*~tactically~*~*~ (hiding).
 29201 | Snake:2  | 29201 ||| INVOKING Heroism.
 29218 | Snake:2  | Received a gift from Okawaru
 29259 | Snake:2  | 29259 ||| Stepping ~*~*~tactically~*~*~ (stealth).
 29260 | Snake:2  | 29260 ||| Stepping ~*~*~tactically~*~*~ (stealth).
 29262 | Snake:2  | 29262 ||| Stepping ~*~*~tactically~*~*~ (hiding).
 29381 | Snake:2  | Found a runed translucent door.
 29381 | Snake:2  | Noticed Akuuror's ghost (adept GrFi)
 29802 | Snake:2  | 29802 ||| Stepping ~*~*~tactically~*~*~ (hiding).
 30230 | Snake:2  | 30230 ||| Stepping ~*~*~tactically~*~*~ (hiding).
 30231 | Snake:2  | 30231 ||| Stepping ~*~*~tactically~*~*~ (hiding).
 30232 | Snake:2  | 30232 ||| Stepping ~*~*~tactically~*~*~ (hiding).
 30238 | Snake:2  | 30238 ||| Stepping ~*~*~tactically~*~*~ (hiding).
 30239 | Snake:2  | 30239 ||| Stepping ~*~*~tactically~*~*~ (hiding).
 30241 | Snake:2  | 30241 ||| Stepping ~*~*~tactically~*~*~ (hiding).
 30242 | Snake:2  | 30242 ||| Stepping ~*~*~tactically~*~*~ (hiding).
 30253 | Snake:2  | 30253 ||| Stepping ~*~*~tactically~*~*~ (stealth).
 30255 | Snake:2  | 30255 ||| Stepping ~*~*~tactically~*~*~ (hiding).
 30257 | Snake:2  | 30257 ||| Stepping ~*~*~tactically~*~*~ (stealth).
 30828 | Snake:3  | 30828 ||| INVOKING Heroism.
 30840 | Snake:3  | 30840 ||| Stepping ~*~*~tactically~*~*~ (hiding).
 30841 | Snake:3  | 30841 ||| Stepping ~*~*~tactically~*~*~ (hiding).
 30843 | Snake:3  | 30843 ||| Stepping ~*~*~tactically~*~*~ (hiding).
 30848 | Snake:3  | 30848 ||| INVOKING Heroism.
 30886 | Snake:3  | 30886 ||| Stepping ~*~*~tactically~*~*~ (hiding).
 30890 | Snake:3  | 30890 ||| Stepping ~*~*~tactically~*~*~ (hiding).
 30897 | Snake:3  | 30897 ||| Stepping ~*~*~tactically~*~*~ (hiding).
 30899 | Snake:3  | 30899 ||| Stepping ~*~*~tactically~*~*~ (hiding).
 31116 | Snake:3  | 31116 ||| Stepping ~*~*~tactically~*~*~ (hiding).
 31142 | Snake:3  | 31142 ||| Stepping ~*~*~tactically~*~*~ (stealth).
 31144 | Snake:3  | 31144 ||| Stepping ~*~*~tactically~*~*~ (hiding).
 31147 | Snake:3  | 31147 ||| Stepping ~*~*~tactically~*~*~ (hiding).
 31148 | Snake:3  | 31148 ||| Stepping ~*~*~tactically~*~*~ (hiding).
 31150 | Snake:3  | 31150 ||| Stepping ~*~*~tactically~*~*~ (hiding).
 31235 | Snake:3  | 31235 ||| Stepping ~*~*~tactically~*~*~ (hiding).
 31266 | Snake:3  | Received a gift from Okawaru
 31328 | Snake:3  | Received a gift from Okawaru
 31350 | Snake:3  | 31350 ||| Stepping ~*~*~tactically~*~*~ (hiding).
 31352 | Snake:3  | 31352 ||| Stepping ~*~*~tactically~*~*~ (hiding).
 31529 | Snake:3  | Identified the amulet "Sipnir" {RegenMP Int+3 Dex+6}
 31678 | Snake:3  | 31678 ||| INVOKING Heroism.
 31697 | Snake:3  | Identified the +1 pair of boots of Okawaru's Displeasure
                  | {Harm rF+ Str+2 SInv} (Okawaru gifted it to you on level 3
                  | of the Snake Pit)
 31697 | Snake:3  | Received a gift from Okawaru
 31718 | Snake:3  | HP: 25/115 [naga warrior/+1 battleaxe of flaming (4)]
 31719 | Snake:3  | 31719 ||| READING 15 scrolls of teleportation.
 31720 | Snake:3  | 31720 ||| DRINKING 5 potions of heal wounds.
 31720 | Snake:3  | HP: 9/115 [naga warrior/+1 battleaxe of flaming (10)]
 31721 | Snake:3  | 31721 ||| DRINKING 4 potions of heal wounds.
 32169 | Snake:3  | 32169 ||| Stepping ~*~*~tactically~*~*~ (stealth).
 32203 | Snake:3  | Found Desuar's Assorted Antiques.
 32212 | Snake:3  | 32212 ||| BUYING scroll of teleportation (105 gold).
 32212 | Snake:3  | Bought a scroll of teleportation for 105 gold pieces
 32213 | Snake:3  | 32213 ||| Stepping ~*~*~tactically~*~*~ (hiding).
 32214 | Snake:3  | 32214 ||| INVOKING Heroism.
 32251 | Snake:3  | 32251 ||| Stepping ~*~*~tactically~*~*~ (hiding).
 32253 | Snake:3  | 32253 ||| Stepping ~*~*~tactically~*~*~ (hiding).
 32265 | Snake:3  | Reached XP level 18. HP: 116/120 MP: 25/25
 32275 | Snake:3  | 32275 ||| DROPPING +2 hand axe of flaming.
 32284 | Snake:3  | 32284 ||| Stepping ~*~*~tactically~*~*~ (stealth).
 32308 | Snake:3  | 32308 ||| Stepping ~*~*~tactically~*~*~ (hiding).
 32310 | Snake:3  | 32310 ||| Stepping ~*~*~tactically~*~*~ (hiding).
 32312 | Snake:3  | 32312 ||| Stepping ~*~*~tactically~*~*~ (hiding).
 32313 | Snake:3  | 32313 ||| Stepping ~*~*~tactically~*~*~ (hiding).
 32842 | Snake:3  | 32842 ||| PLANNING SHOALS:4
 32842 | Snake:3  | 32842 ||| DROPPING amulet "Sipnir" {RegenMP Int+3 Dex+6}.
 33010 | Shoals:4 | Entered Level 4 of the Shoals
 33011 | Shoals:4 | 33011 ||| INVOKING Heroism.
 33045 | Shoals:4 | 33045 ||| INVOKING Finesse.
 33061 | Shoals:4 | Noticed Ilsuiw
 33078 | Shoals:4 | HP: 25/121 [merfolk/+2 vampiric trident (7)]
 33079 | Shoals:4 | 33079 ||| READING 15 scrolls of teleportation.
 33079 | Shoals:4 | HP: 10/121 [merfolk aquamancer/torrent of water (4)]
 33080 | Shoals:4 | 33080 ||| DRINKING 3 potions of heal wounds.
 33081 | Shoals:4 | 33081 ||| DRINKING 2 potions of heal wounds.
 33092 | Shoals:4 | 33092 ||| INVOKING Heroism.
 33131 | Shoals:4 | 33131 ||| INVOKING Finesse.
 33146 | Shoals:4 | 33146 ||| INVOKING Heroism.
 33173 | Shoals:4 | 33173 ||| INVOKING Heroism.
 33191 | Shoals:4 | Found Hain Next's Vocational Training.
 33205 | Shoals:4 | 33205 ||| INVOKING Heroism.
 33205 | Shoals:4 | HP: 28/122 [frost giant/bolt of cold (9)]
 33206 | Shoals:4 | 33206 ||| READING 14 scrolls of teleportation.
 33207 | Shoals:4 | 33207 ||| DRINKING potion of heal wounds.
 33279 | Shoals:4 | 33279 ||| INVOKING Heroism.
 33290 | Shoals:4 | Identified the +8 shortbow of Purpose {drain, Str+2}
 33304 | Shoals:4 | HP: 21/123 [satyr/arrow (11)]
 33305 | Shoals:4 | 33305 ||| READING 13 scrolls of teleportation.
 33306 | Shoals:4 | HP: 6/123 [merfolk/+0 spear[a merfolk impaler] (9)]
 33311 | Shoals:4 | 33311 ||| READING 12 scrolls of teleportation.
 33312 | Shoals:4 | 33312 ||| Stepping ~*~*~tactically~*~*~ (hiding).
 33314 | Shoals:4 | 33314 ||| READING 11 scrolls of teleportation.
 33317 | Shoals:4 | HP: 4/123 [merfolk/+2 vampiric trident (6)]
 33319 | Shoals:4 | Slain by a harpy

Levels and vault maps discovered:
D:1:      minmay_arrival_shoal_huts, layout_basic, basic_ecumenical_altar,
          serial_shops, nicolae_shop_industrial_runoff, minmay_crystal_water,
          roderic_lattice_a, minmay_misc_feat_tiny, minmay_misc_feat_enclosed,
          grunt_decor_resistance, chequers_avenue
D:2:      layout_basic, minmay_misc_feat_roman, minivault_4,
          minmay_misc_feat_iff
D:3:      layout_loops_ring, serial_shops, nicolae_shop_tiny_statue_garden,
          shop, shop, nicolae_shop_bloodbath_and_beyond, uniq_robin,
          uniq_terence
D:4:      wander_river, layout_loops_cross, mainiacjoe_overflow_24_doors,
          minmay_temple_entry_from_below_a, nicolae_shop_overcharged_wands
D:5:      layout_loops_cross, grunt_temple_overflow_diamond,
          kennysheep_mini_moat, hangedman_decor_riveting
D:6:      layout_loops_ring, evilmike_ruin_ashenzari, old_standard_altar,
          lightli_ossuary_entry_decrepit_ruins, uniq_edmund
D:7:      minmay_clustersquares, layout_loops_ring, lightli_corner_chamber
D:8:      layout_layer_cave, grunt_dithmenos_smoke_and_mirrors,
          nicolae_overflow_squiral, dpeg_lair_monsters, uniq_maurice, uniq_erica
D:9:      layout_gridville, grunt_temple_overflow_champion_of_chaos,
          mainiacjoe_overflow_swirl, minmay_orc_entry_guard_dogs, serial_shops,
          shop, nicolae_shop_hallway_plus, nicolae_shop_hallway_plus,
          nicolae_shop_temple_entry_statues_fountains
D:10:     cheibrodos_steamvent, layout_irregular_city, uniq_nergalle
D:11:     layout_rooms, dreamdust_wishing_well
D:12:     layout_loops_ring, uniq_jorgrun, uniq_nessos
D:13:     layout_long_grid, david_vaults_5
D:14:     layout_gridville, doesnt_xom_only_xom
D:15:     hangedman_depths_entry_civil_slaughter, layout_rooms,
          portal_ice_cave_entry_ice_statue_two, minivault_24,
          eat_drink_and_be_merry_uskayaw
Temple:   corrupted_temple
Lair:1:   layout_cave_shapes, beast_lair_carwin_5, uniq_harold, uniq_gastronok
Lair:2:   layout_hall_layers, nicolae_shoals_entry_flooding,
          minmay_snake_entry_spellcaster, enter_volcano_4,
          cheibrodos_lair_reptile_den, uniq_amaemon, uniq_fannar
Lair:3:   layout_hall_layers, infiniplex_staircase_pool_2, uniq_rupert
Lair:4:   layout_loops_ring, gauntlet_entry_generic, serial_bayou_shore_b,
          serial_bayou_shore_b
Lair:5:   minmay_lair_end_enchanted_forest, layout_cave_pods,
          nicolae_slime_entry_slimehenge, nicolae_lair_yak_garden, uniq_snorg
Shoals:1: layout_shoals
Shoals:2: layout_shoals, serial_shops, shop, amcnicky_altar_lugonu_corruption,
          uniq_frances
Shoals:3: layout_shoals, serial_shops, nicolae_square_shop
Shoals:4: shoals_end_grunt_ice, layout_shoals, shoal_ilsuiw,
          nicolae_shop_vocational
Snake:1:  layout_misc_corridors, basic_altar, grunt_megastairs_3
Snake:2:  layout_layer_cave, gammafunk_ghost_grave
Snake:3:  nicolae_snake_crotalidae_crossing, layout_layer_cave, serial_shops,
          shop, nicolae_snake_squiggles
Orc:1:    layout_diamond_mine, uniq_sonja
Orc:2:    grunt_orc_community_town_hall, layout_caves,
          grunt_orc_community_big_house_2, grunt_orc_community_big_house_2,
          grunt_orc_community_house_1, grunt_orc_community_house_2,
          grunt_orc_community_house_1, grunt_orc_community_house_1,
          grunt_orc_community_house_1, grunt_orc_community_house_1

Skill      XL: |  1  2  3  4  5  6  7  8  9 10 11 12 13 14 15 16 17 18 |
---------------+-------------------------------------------------------+-----
Axes           | 2 3 4 6 7 8 10 11 12 14 15 17 18 | 18.0
Dodging        | 2 3 4 5 |  5.0
Fighting       | 4 5 7 8 10 11 12 13 14 16 17 | 17.0
Armour         | 4 5 7 8 9 11 12 13 15 16 | 16.2
Throwing       | 2 3 5 6 7 8 |  8.1
Invocations    | 4 6 9 10 | 10.0
Shields        | 4 6 7 8 9 10 | 10.0

Action                     |  1- 3 |  4- 6 |  7- 9 | 10-12 | 13-15 | 16-18 || total
---------------------------+-------+-------+-------+-------+-------+-------++-------
  Melee: War axe           |   107 |    84 |   242 |   185 |       |       ||   618
         Broad axe         |       |       |       |    57 |  1133 |  1433 ||  2623
         Demon whip        |       |       |       |     9 |    14 |       ||    23
  Throw: Javelin           |       |       |    35 |    29 |   177 |    61 ||   302
         Boomerang         |       |       |       |     6 |    25 |    21 ||    52
 Invoke: Heroism           |       |       |     7 |    18 |    36 |    34 ||    95
         Finesse           |       |       |       |     3 |     6 |     6 ||    15
    Use: Scroll            |     6 |     8 |     8 |     6 |    11 |     6 ||    45
         Potion            |     1 |     1 |     2 |     1 |     8 |     5 ||    18
   Stab: Distracted        |       |       |     1 |     2 |       |     1 ||     4
 Armour: Scale mail        |    46 |       |       |       |       |       ||    46
         Chain mail        |     4 |    55 |   118 |     3 |       |       ||   180
         Plate armour      |       |       |       |   147 |   653 |   827 ||  1627
  Dodge: Dodged            |    46 |    27 |    77 |    76 |   594 |   720 ||  1540
  Block: Buckler           |    18 |    14 |    50 |    58 |   347 |   350 ||   837

Table legend:
 A = Non-vault XP
 B = Vault XP
 C = Vault XP percentage of total XP
 D = Non-vault monster count
 E = Vault monster count
 F = Vault count percentage of total count
                 A         B        C        D         E       F
            +---------+---------+-------+---------+---------+-------
      Total |  193648 |   73187 |  27.4 |     641 |     257 |  28.6
            +---------+---------+-------+---------+---------+-------
        D:1 |      34 |       0 |   0.0 |      22 |       0 |   0.0
        D:2 |      25 |       0 |   0.0 |      18 |       0 |   0.0
        D:3 |      69 |      67 |  49.3 |      16 |      11 |  40.7
        D:4 |     416 |       0 |   0.0 |      17 |       0 |   0.0
        D:5 |     854 |       0 |   0.0 |      17 |       0 |   0.0
        D:6 |     671 |     164 |  19.6 |      17 |       1 |   5.6
        D:7 |     877 |     678 |  43.6 |      20 |       8 |  28.6
        D:8 |    1148 |    4724 |  80.4 |      14 |      10 |  41.7
        D:9 |    1142 |     364 |  24.2 |      23 |       3 |  11.5
       D:10 |    2214 |    1137 |  33.9 |      13 |       3 |  18.8
       D:11 |    4234 |       0 |   0.0 |      13 |       0 |   0.0
       D:12 |    8086 |    2878 |  26.2 |      20 |       2 |   9.1
       D:13 |    9037 |    6259 |  40.9 |      22 |      12 |  35.3
       D:14 |    4488 |       0 |   0.0 |      10 |       0 |   0.0
       D:15 |   12821 |    5374 |  29.5 |      23 |       8 |  25.8
     Lair:1 |    1749 |    3549 |  67.0 |       8 |       7 |  46.7
     Lair:2 |    4427 |    3820 |  46.3 |      20 |       7 |  25.9
     Lair:3 |    3773 |    1834 |  32.7 |       8 |       1 |  11.1
     Lair:4 |    5960 |       0 |   0.0 |      23 |       0 |   0.0
     Lair:5 |   14134 |   12434 |  46.8 |      38 |      55 |  59.1
   Shoals:1 |   16081 |       0 |   0.0 |      34 |       0 |   0.0
   Shoals:2 |   15851 |    1481 |   8.5 |      28 |       1 |   3.4
   Shoals:3 |    9755 |       0 |   0.0 |      19 |       0 |   0.0
   Shoals:4 |   10038 |    8483 |  45.8 |      20 |      11 |  35.5
    Snake:1 |   12943 |     916 |   6.6 |      25 |       2 |   7.4
    Snake:2 |   11231 |       0 |   0.0 |      21 |       0 |   0.0
    Snake:3 |   21418 |    4499 |  17.4 |      38 |      13 |  25.5
      Orc:1 |    2838 |     785 |  21.7 |      26 |       1 |   3.7
      Orc:2 |    3735 |    8000 |  68.2 |      35 |      75 |  68.2
    Abyss:2 |     381 |       0 |   0.0 |       1 |       0 |   0.0
    Abyss:3 |   13218 |       0 |   0.0 |      32 |       0 |   0.0
    Ossuary |       0 |      98 | 100.0 |       0 |      16 | 100.0
   Gauntlet |       0 |    5643 | 100.0 |       0 |      10 | 100.0
            +---------+---------+-------+---------+---------+-------
